AoeStats
← ZzZz7z

Arabia

510467768Analyzed
2v2 RM · 2d ago on Oct 1, 2026· 42m 6s· 4 players
Game mode
Random Map
Map size
Medium (4 player)
Population
200
Speed
Normal
Resources
Standard
Victory
Conquest
Starting age
Dark Age
Ending age
Imperial Age
RankedLock teamsTeams togetherTeam positionsShared explorationLock speedFull tech treeHidden civsTurbo modeCheats
Victory
Defeat
🇦🇺 Wei · Australia
1185
+16
🇲🇽 Sicilians · Mexico
1135
+18
🇦🇷 Tatars · Argentina
1189
-17
🇺🇸 Romans · United States
1189
-17
franciscoC137
7:03 Loom
10:19 Feudal Age
10:24 Man-at-Arms
12:02 Scale Mail Armor
13:28 Double-Bit Axe
23:34 Castle Age
23:07 Forging
24:26 Long Swordsman
26:00 Chain Mail Armor
29:17 Iron Casting
31:46 Squires
32:53 Town Watch
37:24 Pikeman
ZzZz7z
8:09 Loom
10:52 Feudal Age
12:42 Double-Bit Axe
18:37 Castle Age
18:04 Fletching
18:23 Gold Mining
19:28 Husbandry
20:41 Bodkin Arrow
22:00 Padded Archer Armor
26:34 Pikeman
29:55 Wheelbarrow
30:25 Scale Barding Armor
30:31 Forging
30:39 Bow Saw
37:26 Imperial Age
35:23 Bloodlines
36:10 Iron Casting
38:15 Chain Barding Armor
40:05 Ballistics
40:18 Bracer
39:45 Heavy Cavalry Archer
41:26 Hand Cart
chaquin_7
0:44 Loom
13:15 Feudal Age
24:43 Forging
28:33 Horse Collar
28:45 Double-Bit Axe
34:04 Gold Mining
35:33 Town Watch
39:09 Castle Age
38:04 Scale Barding Armor
40:13 Husbandry
41:52 Chain Barding Armor
42:10 Bloodlines
42:41 Iron Casting
Ashweight
5:14 Loom
9:38 Feudal Age
10:03 Horse Collar
10:09 Double-Bit Axe
11:00 Gold Mining
13:34 Stone Mining
20:49 Wheelbarrow
23:11 Castle Age
21:45 Scale Barding Armor
21:52 Forging
22:50 Town Watch
23:33 Bloodlines
25:01 Gold Shaft Mining
24:37 Bow Saw
24:30 Heavy Plow
24:32 Husbandry
28:17 Hand Cart
32:10 Pikeman
32:50 Squires
34:25 Chain Barding Armor
38:29 Stone Shaft Mining
38:13 Arson
41:28 Imperial Age
39:26 Tuntian
41:16 Iron Casting
41:37 Heavy Hei Guang Cavalry
43:20 Blast Furnace
42:51 Conscription
Connection lost

Rejoining the realm…

Still unreachable

The connection could not be restored.

Session expired

The server has moved on; the page needs a fresh start.